 Dungeon Sprint DCSS version 0.28.0-43-g3370ac3207 (webtiles) character file.

Game seed: 657304521369959011

22532 boopmooplesden the Minotaur Blade (level 12, -56/137 HPs)
             Began as a Minotaur Berserker on Mar 1, 2022.
             Was the Champion of Trog.
             Killed from afar by Roxanne (74 damage)
             ... with a crystal spear
             ... in the Dungeon (Sprint II: "The Violet Keep of Menkaure").
             The game lasted 00:11:40 (4075 turns).

boopmooplesden the Minotaur Blade (MiBe)            Turns: 4075, Time: 00:11:41

Health: -56/137    AC: 18    Str: 25    XL:     12   Next: 63%
Magic:  9/9        EV: 15    Int:  4    God:    Trog [******]
Gold:   1497       SH:  0    Dex: 12    Spells: 11/11 levels left

rFire   + + +      SeeInvis .   s - +2 triple sword (vorpal)
rCold   + . .      Faith    .   (shield currently unavailable)
rNeg    + . .      Spirit   .   t - +0 fire dragon scales
rPois   +          Reflect  .   w - +1 hat
rElec   +          Harm     .   k - +0 cloak
rCorr   +          Rampage  .   y - +0 pair of gloves
Will    .....      NoTele   +   (no boots)
Stlth   +.........              (no amulet)
HPRegen 0.32/turn               z - ring of the Duchess {rPois rN+ rCorr}
MPRegen 0.11/turn               A - ring "Sotahour" {rPois rF+ rC+}

@: resistant, flying, unable to read
A: horns 2, retaliatory headbutt, low MP 1, inability to read while threatened
a: Renounce Religion, Berserk, Trog's Hand, Brothers in Arms


You were in the Dungeon.
You worshipped Trog.
Trog was exalted by your worship.
You visited 1 branch You collected 3006 gold pieces.
You spent 1509 gold pieces at shops.

Inventory:

Hand Weapons
 a - a +0 falchion of draining
 i - the +1 long sword "Domaapn" {vorpal, rPois}
   (You bought it in a shop in the Dungeon)

   It inflicts extra damage upon your enemies.
   rPois:     It protects you from poison.
 l - a +5 great sword of freezing
 q - a +2 falchion of flaming
 s - a +2 vorpal triple sword (weapon)
 x - the +4 great sword of the Warrior {venom, rN++ Will+ Str-2 SInv}
   (You bought it in a shop in the Dungeon)

   It poisons the flesh of those it strikes.
   Str:       It affects your strength (-2).
   rN:        It greatly protects you from negative energy.
   SInv:      It lets you see invisible.
   Will:      It increases your willpower.
Armour
 j - a +2 scale mail of positive energy
 k - a +0 cloak (worn)
 t - +0 fire dragon scales (worn)
 w - a +1 hat (worn)
 y - a +0 pair of gloves (worn)
Jewellery
 m - a +4 ring of evasion
 z - the ring of the Duchess (left hand) {rPois rN+ rCorr}
   (You bought it in a shop in the Dungeon)

   [ring of positive energy]

   rPois:     It protects you from poison.
   rN:        It protects you from negative energy.
   rCorr:     It protects you from acid and corrosion.
 A - the ring "Sotahour" (right hand) {rPois rF+ rC+}
   (You found it in the Dungeon)

   [ring of protection from cold]

   rF:        It protects you from fire.
   rC:        It protects you from cold.
   rPois:     It protects you from poison.
 B - a ring of protection from cold
 D - a +6 ring of strength
 E - a ring of flight
 G - a ring of see invisible
 I - an amulet of magic regeneration
Scrolls
 b - 3 scrolls of amnesia
 p - 2 scrolls of vulnerability
 u - a scroll of fear
Potions
 c - 2 potions of curing
 d - a potion of heal wounds
 e - a potion of haste
 f - 34 potions of magic
 g - a potion of berserk rage
 n - a potion of attraction
 o - 2 potions of flight
 v - a potion of degeneration {unknown}
 C - 3 potions of mutation {unknown}
 F - a potion of invisibility {unknown}
 H - a potion of lignification {unknown}
Miscellaneous
 h - a piece from Xom's chessboard (15/15)


   Skills:
 + Level 22.1 Fighting
 + Level 24.1 Long Blades
 + Level 16.2 Armour
 + Level 11.9 Dodging
 + Level 3.2 Stealth
 + Level 6.3 Unarmed Combat


You had 11 spell levels left.
You didn't know any spells.
Your spell library was empty.

Dungeon Overview and Level Annotations

Branches:
Dungeon (1/1)

Altars:
Cheibriados
Dithmenos
Elyvilon
Fedhas
Gozag
Hepliaklqana
Kikubaaqudgha
Makhleb
Nemelex Xobeh
Okawaru
Qazlal
Ru
Sif Muna
Trog
Uskayaw
Vehumet
Wu Jian
Xom
Yredelemnul
Zin
The Shining One
Beogh
Jiyva
Lugonu

Shops:
D !!:[*:*(!??:?:=!![*=!((*[(?([=:

Annotations:
D exclusions: oklob plant and orange crystal statue, Roxanne


Innate Abilities, Weirdness & Mutations

You have a pair of horns on your head.
You reflexively headbutt those who attack you in melee.
Your magical capacity is low. (-10% MP)
You sometimes lose the ability to read scrolls when taking damage.


Message History

You enter the shallow water.
Moving in this stuff is going to be slow.
You open the gate.
Really walk into a travel-excluded area? [Y]es or [N]o only, please.
Really walk into a travel-excluded area?
You are engulfed in freezing vapours.
You are engulfed in freezing vapours.
You are engulfed in freezing vapours.
You feel threatened and lose the ability to read scrolls!
There is an open gate here.
You feel very buoyant.
You fly up into the air.
You are engulfed in freezing vapours.
You feel protected.
You are engulfed in freezing vapours.
You resist.
Really fly into that cloud of freezing vapour? [Y]es or [N]o only, please.
Really fly into that cloud of freezing vapour? [Y]es or [N]o only, please.
Really fly into that cloud of freezing vapour?
You are engulfed in freezing vapours.
You resist.
You reach down and open the door.
Roxanne, Geomancer Emeritus comes into view.
Marking area around Roxanne as unsafe for travelling.
Found 81 gold pieces.
The shining eye turns its gaze towards you. x3
Roxanne mumbles some strange words.
The iron shot hits you!!!
* * * LOW HITPOINT WARNING * * *
There is an open door, spattered with blood here.
Found an agate ring.
The water moccasin hisses angrily.
The cane toad gives a loud, deep croak!
The black draconian knight roars!
The water moccasin hisses angrily.
You slice Roxanne!!
Roxanne is lightly damaged.
Roxanne casts a spell.
The crystal spear hits you!!!!
Ouch! That really hurt!
You die...

##(.$######≈≈#####..####≈≈.
#?SS#..+ ##≈≈≈#.##..#≈≈§≈≈
#∩PF+GG#+ #'#≈##.#.##≈≈≈≈≈
#(.$#G##.##)#≈≈##'##≈≈≈≈≈≈
#($S###..§####≈≈≈≈≈≈≈≈§≈≈≈
##+###§≈§§§# #'''#+++#§≈≈≈
.q##§§§§§###≈○°≈°≈°##≈≈≈
+###§§§§§##○°○≈≈≈°○○##§≈
+§§8@§§§§○°≈.≈○○○≈+§§
#.≈§§≈##○○○°○≈○°≈##≈≈
#≈§§≈≈###°≈≈°°≈≈#####
#.§§§≈#∩####+####§○○°
##§§§##^...#####≈≈○○§
##§##∩....^.°'≈≈≈°°≈
###########.##≈≈○°≈
[oo.).[oo#..##○≈°≈
###################...#####


You could see Roxanne, a black draconian knight, 3 shining eyes, an oklob plant,
a cane toad and 3 water moccasins.

Vanquished Creatures
  A deep elf blademaster (D)
  2 sphinxes (D)
  A kraken (D)
  Gastronok (D)
  Kirke (D)
  Nessos (D)
  A dire elephant (D)
  A great orb of eyes (D)
  A yaktaur captain (D)
  A fire dragon (D)
  2 boulder beetles (D)
  A centaur warrior (D)
  3 sixfirhies (D)
  A skeletal warrior (D)
  An obsidian statue (D)
  2 deep trolls (D)
  A harpy (D)
  3 orc sorcerers (D)
  An ice statue (D)
  An elephant (D)
  A merfolk siren (D)
  A kobold demonologist (D)
  An eye of devastation (D)
  A yaktaur (D)
  A hornet (D)
  3 polar bears (D)
  3 slime creatures (D)
  6 flying skulls (D)
  3 yaks (D)
  Menkaure (D)
  4 neqoxecs (D)
  4 water moccasins (D)
  A necrophage (D)
  A scorpion (D)
  4 lava snakes (D)
  A jelly (D)
  An iron imp (D)
  A spectral adder (D)
  3 worms (D)
  A spectral quokka (D)
  3 tentacles (D)
72 creatures vanquished.

Vanquished Creatures (others)
  15 tentacles (D)
15 creatures vanquished.

Grand Total: 87 creatures vanquished

Notes
Turn   | Place    | Note
-------+----------+-------------------------------------------
     0 | D        | boopmooplesden the Minotaur Berserker began the quest for
                  | the Orb.
     0 | D        | Reached XP level 1. HP: 19/19 MP: 0/0
     1 | D        | Noticed a boulder beetle
     1 | D        | Noticed a boulder beetle
     4 | D        | Noticed a neqoxec
     4 | D        | Noticed a neqoxec
     4 | D        | Noticed a neqoxec
     4 | D        | Noticed a neqoxec
    12 | D        | Killed a neqoxec
    13 | D        | Reached skill level 8 in Long Blades
    13 | D        | Reached XP level 2. HP: 14/35 MP: 1/1
    13 | D        | Reached XP level 3. HP: 16/40 MP: 2/2
    13 | D        | Reached XP level 4. HP: 20/48 MP: 3/3
    14 | D        | Killed a neqoxec
    14 | D        | Reached ** piety under Trog
    15 | D        | Reached skill level 9 in Long Blades
    15 | D        | Reached skill level 5 in Armour
    15 | D        | Reached skill level 5 in Dodging
    15 | D        | Reached XP level 5. HP: 24/58 MP: 4/4
    18 | D        | Killed a neqoxec
    19 | D        | Reached skill level 11 in Long Blades
    19 | D        | Reached XP level 6. HP: 29/68 MP: 5/5
    20 | D        | Gained mutation: You sometimes lose the ability to read
                  | scrolls when taking damage. [a neqoxec]
    22 | D        | Gained mutation: Your magical capacity is low. (-10% MP) [a
                  | neqoxec]
    23 | D        | Killed a neqoxec
   255 | D        | Reached *** piety under Trog
   256 | D        | Reached XP level 7. HP: 61/74 MP: 5/5
   261 | D        | Noticed an ice statue
   339 | D        | Noticed a merfolk siren
   349 | D        | Killed a merfolk siren
   350 | D        | Reached skill level 13 in Long Blades
   355 | D        | Found Moesyurch's Antique Weapon Emporium.
   355 | D        | Found Ejiggor's Antique Weapon Shoppe.
   355 | D        | Found Wicivot's Distillery.
   355 | D        | Found Desudaunu's Jewellery Shoppe.
   355 | D        | Found Jimpofil's Antique Weapon Shoppe.
   355 | D        | Found Etaelink's Assorted Antiques.
   356 | D        | Found Ceeqyamu's Jewellery Shoppe.
   356 | D        | Found Xudesul's Book Emporium.
   356 | D        | Found Nicrorr's Magic Scroll Shoppe.
   356 | D        | Found Doroal's Antique Armour Shoppe.
   356 | D        | Found Dist's Antique Armour Emporium.
   357 | D        | Found Ehoaru's Magic Scroll Shoppe.
   357 | D        | Found Ostefoaf's Distillery.
   358 | D        | Found Kuocyoso's Distillery.
   360 | D        | Noticed Menkaure
   372 | D        | Killed Menkaure
   372 | D        | Reached **** piety under Trog
   374 | D        | Noticed an oklob plant
   374 | D        | Noticed a cane toad
   375 | D        | Found Ocegy's Book Shoppe.
   377 | D        | Noticed a cane toad
   385 | D        | Bought a smouldering long sword for 170 gold pieces
   385 | D        | Identified the +1 long sword "Domaapn" {vorpal, rPois} (You
                  | bought it in a shop in the Dungeon)
   388 | D        | Noticed a shining eye
   388 | D        | Noticed a shining eye
   397 | D        | Bought a glowing scale mail for 175 gold pieces
   535 | D        | Bought a cloak for 112 gold pieces
   560 | D        | Reached XP level 8. HP: 82/86 MP: 6/6
   592 | D        | Found a glowing golden altar of the Shining One.
   592 | D        | Found an ornate altar of the Wu Jian Council.
   592 | D        | Found a stormy altar of Qazlal.
   593 | D        | Found a shimmering altar of Xom.
   593 | D        | Found a sacrificial altar of Ru.
   594 | D        | Found a basalt altar of Yredelemnul.
   594 | D        | Found a shimmering blue altar of Sif Muna.
   609 | D        | Found a glowing silver altar of Zin.
   609 | D        | Found a bloodstained altar of Trog.
   609 | D        | Found an ancient bone altar of Kikubaaqudgha.
   609 | D        | Found a viscous altar of Jiyva.
   610 | D        | Found a hide-covered altar of Uskayaw.
   610 | D        | Found a corrupted altar of Lugonu.
   610 | D        | Found a shadowy altar of Dithmenos.
   611 | D        | Found a radiant altar of Vehumet.
   611 | D        | Found a burning altar of Makhleb.
   611 | D        | Found a white marble altar of Elyvilon.
   612 | D        | Found a sparkling altar of Nemelex Xobeh.
   612 | D        | Found a blossoming altar of Fedhas.
   613 | D        | Found an iron altar of Okawaru.
   613 | D        | Found an opulent altar of Gozag.
   613 | D        | Noticed a polar bear
   613 | D        | Noticed a polar bear
   614 | D        | Noticed a yaktaur
   614 | D        | Noticed a hornet
   619 | D        | Killed a polar bear
   620 | D        | Reached skill level 14 in Long Blades
   620 | D        | Noticed a polar bear
   622 | D        | Killed a polar bear
   622 | D        | Reached ***** piety under Trog
   626 | D        | Killed a hornet
   627 | D        | Reached skill level 15 in Long Blades
   630 | D        | Killed a yaktaur
   631 | D        | Reached skill level 15 in Fighting
   631 | D        | Reached XP level 9. HP: 60/97 MP: 7/7
   632 | D        | Killed a polar bear
   643 | D        | Found a hazy altar of Hepliaklqana.
   643 | D        | Found a snail-covered altar of Cheibriados.
   734 | D        | Noticed a kraken
   747 | D        | Reached skill level 16 in Long Blades
  1268 | D        | Killed a kraken
  1269 | D        | Reached skill level 10 in Armour
  1269 | D        | Reached skill level 1 in Stealth
  1629 | D        | Killed a boulder beetle
  1630 | D        | Reached skill level 17 in Long Blades
  1630 | D        | Reached XP level 10. HP: 111/111 MP: 8/8
  1649 | D        | Killed a boulder beetle
  1649 | D        | Received a gift from Trog
  1950 | D        | Noticed an orange crystal statue
  1953 | D        | Noticed Kirke
  1953 | D        | Noticed a skeletal warrior
  1953 | D        | Noticed a yaktaur captain
  1967 | D        | Killed a yaktaur captain
  1983 | D        | Killed Kirke
  1984 | D        | Reached skill level 18 in Long Blades
  1984 | D        | Reached skill level 10 in Dodging
  1986 | D        | Killed a skeletal warrior
  1999 | D        | Received a gift from Trog
  2039 | D        | Reached ****** piety under Trog
  2040 | D        | Reached XP level 11. HP: 61/121 MP: 8/8
  2053 | D        | Noticed a centaur warrior
  2255 | D        | Killed a centaur warrior
  2289 | D        | Received a gift from Trog
  2304 | D        | Noticed a great orb of eyes
  2304 | D        | Noticed a fire dragon
  2309 | D        | Reached skill level 19 in Long Blades
  2319 | D        | Killed a fire dragon
  2322 | D        | Killed a great orb of eyes
  2357 | D        | Found Hohucw's Distillery.
  2357 | D        | Found Lapn's Antique Armour Shop.
  2357 | D        | Found Kekkead's Distillery.
  2357 | D        | Found Bucruz's Assorted Antiques.
  2357 | D        | Found Ceolon's Weapon Boutique.
  2358 | D        | Found Cile's General Store.
  2358 | D        | Found Jeeph's Book Boutique.
  2358 | D        | Found Ociampas's Distillery.
  2358 | D        | Found Kedih's Weapon Shop.
  2358 | D        | Found Foipois's Magic Scroll Emporium.
  2358 | D        | Found Zuc Oklonerch's Armour Shop.
  2358 | D        | Found Isusch Luuro's General Store.
  2361 | D        | Bought a glowing hat for 112 gold pieces
  2370 | D        | Bought the +4 great sword of the Warrior {venom, rN++ Will+
                  | Str-2 SInv} for 509 gold pieces
  2371 | D        | Bought a +0 pair of gloves for 63 gold pieces
  2535 | D        | Reached skill level 20 in Long Blades
  2535 | D        | Reached skill level 5 in Unarmed Combat
  2744 | D        | Noticed a deep troll
  2744 | D        | Noticed a deep troll
  2747 | D        | Killed a deep troll
  2755 | D        | Killed a deep troll
  2874 | D        | Noticed a sphinx
  2874 | D        | Noticed a sphinx
  2878 | D        | Killed a sphinx
  2883 | D        | Killed a sphinx
  2883 | D        | Received a gift from Trog
  2884 | D        | Reached skill level 21 in Long Blades
  2884 | D        | Reached skill level 15 in Armour
  2933 | D        | Noticed a sixfirhy
  2944 | D        | Noticed a sixfirhy
  2947 | D        | Noticed a sixfirhy
  2954 | D        | Found Ruiduis's Book Shoppe.
  2955 | D        | Found Vaegop's Jewellery Boutique.
  2966 | D        | Bought the ring of the Duchess {rPois rN+ rCorr} for 368
                  | gold pieces
  2991 | D        | Found Jyimp's Magic Scroll Boutique.
  2992 | D        | Found Haczen's Book Shoppe.
  2994 | D        | Noticed Nessos
  2997 | D        | Killed Nessos
  3046 | D        | Killed a sixfirhy
  3052 | D        | Killed a sixfirhy
  3052 | D        | Received a gift from Trog
  3053 | D        | Reached skill level 22 in Long Blades
  3053 | D        | Reached XP level 12. HP: 38/134 MP: 9/9
  3058 | D        | Noticed Gastronok
  3062 | D        | Killed Gastronok
  3409 | D        | Noticed a dire elephant
  3413 | D        | Killed a dire elephant
  3418 | D        | Reached skill level 23 in Long Blades
  3422 | D        | Paralysed by an orc sorcerer for 3 turns
  3426 | D        | Received a gift from Trog
  3447 | D        | Identified the ring "Sotahour" {rPois rF+ rC+}
  3528 | D        | Noticed a deep elf blademaster
  3550 | D        | Killed a deep elf blademaster
  3550 | D        | Received a gift from Trog
  3566 | D        | Reached skill level 24 in Long Blades
  3572 | D        | Received a gift from Trog
  4071 | D        | Identified Roxanne's Collected Works on the Rocks
  4071 | D        | Noticed Roxanne
  4074 | D        | Noticed a black draconian knight
  4075 | D        | Killed from afar by Roxanne

Illustrated notes

Levels and vault maps discovered:
D:        the_violet_keep_of_menkaure [sprint2_stairs_cluster_1,
          sprint2_shoproom, sprint2_temple, sprint2_basic_supplies,
          sprint2_obstacle_2, sprint2_obstacle_5, sprint2_obstacle_4,
          sprint2_obstacle_6, sprint2_obstacle_3, sprint2_timed_cluster_1,
          sprint2_smallroom_cluster_1, sprint2_smallroom_final_cluster_1,
          sprint2_transparent_cluster_1, sprint2_second_timed_cluster_1,
          sprint2_sniper_area_1, sprint2_heavy_combat_area_1,
          sprint2_mutation_trap_area_1, sprint2_forest_area_1,
          sprint2_light_combat_area_1, sprint2_behind_water_1,
          sprint2_near_end_vault_1]

Skill      XL: |  1  2  3  4  5  6  7  8  9 10 11 12 |
---------------+-------------------------------------+-----
Fighting       | 8 9 11 13 15 17 18 20 22 | 22.1
Long Blades    | 8 9 11 13 15 17 18 22 24 | 24.1
Armour         | 4 5 6 7 8 11 13 15 16 | 16.2
Dodging        | 4 5 6 7 9 10 11 | 11.9
Stealth        | 1 2 3 |  3.2
Unarmed Combat | 3 6 |  6.3

Action                   |  1- 3 |  4- 6 |  7- 9 | 10-12 || total
-------------------------+-------+-------+-------+-------++-------
Melee: Falchion          |     7 |    17 |    15 |       ||    39
       Headbutt          |       |     4 |     9 |    37 ||    50
       Long sword        |       |       |    55 |       ||    55
       Great sword       |       |       |     5 |    42 ||    47
       Unarmed           |       |       |       |    13 ||    13
       Triple sword      |       |       |       |   127 ||   127
Invok: Berserk           |     1 |       |     3 |     8 ||    12
  Use: Scroll            |       |       |     8 |     2 ||    10
       Potion            |       |       |     1 |    10 ||    11
Armor: Scale mail        |       |       |    26 |    21 ||    47
       Fire dragon scale |       |       |       |    42 ||    42
Dodge: Dodged            |     2 |     4 |    41 |    81 ||   128
